AoeStats
← BigBusyB

Arena

510357834Analyzed
3v3 RM · 2d ago on Sep 30, 2026· 54m 43s· 6 players
Game mode
Random Map
Map size
Normal (6 player)
Population
200
Speed
Normal
Resources
Standard
Victory
Conquest
Starting age
Dark Age
Ending age
Imperial Age
RankedLock teamsTeams togetherTeam positionsShared explorationLock speedFull tech treeHidden civsTurbo modeCheats
Victory
Defeat
🇩🇪 Teutons · Germany
1118
+16
🇩🇪 Saxons · Germany
1101
+16
🇩🇪 Persians · Germany
1051
+18
🇳🇿 Persians · New Zealand
1387
-27
🇵🇰 Magyars · Pakistan
1028
-14
🇬🇧 Romans · United Kingdom
900
-9
Meck
10:47 Feudal Age
14:23 Castle Age
12:27 Double-Bit Axe
12:25 Horse Collar
13:38 Scale Mail Armor
13:47 Man-at-Arms
15:12 Loom
17:56 Long Swordsman
19:23 Gold Mining
20:22 Arson
21:22 Chain Mail Armor
21:56 Bow Saw
22:24 Squires
23:49 Wheelbarrow
24:14 Forging
24:59 Heavy Plow
24:57 Gambesons
26:02 Gold Shaft Mining
29:03 Hand Cart
32:08 Town Watch
33:04 Iron Casting
36:47 Imperial Age
35:35 Pikeman
36:54 Halberdier
36:55 Two-Handed Swordsman
36:56 Elite Varangian Guard
38:38 Crop Rotation
39:18 Shield Wall
40:19 Conscription
40:34 Plate Mail Armor
44:05 Champion
49:26 Ballistics
48:58 Fletching
50:28 Capped Ram
51:24 Siege Ram
53:10 Heavy Scorpion
MidLast
10:30 Feudal Age
14:27 Castle Age
12:16 Horse Collar
12:56 Double-Bit Axe
15:25 Heavy Plow
16:02 Bow Saw
16:43 Wheelbarrow
22:52 Hand Cart
22:51 Gold Mining
23:34 Town Watch
28:41 Imperial Age
26:39 Scale Barding Armor
26:45 Forging
28:06 Chain Barding Armor
27:58 Bloodlines
28:47 Iron Casting
29:41 Conscription
28:45 Cavalier
30:38 Two-Man Saw
30:11 Crop Rotation
30:20 Plate Barding Armor
31:06 Paladin
33:20 Blast Furnace
32:18 Stone Mining
33:23 Loom
33:39 Town Patrol
37:16 Stone Shaft Mining
40:17 Scale Mail Armor
39:54 Elite Teutonic Knight
41:43 Chain Mail Armor
43:11 Plate Mail Armor
45:00 Squires
44:45 Arson
49:21 Siege Engineers
BigBusyB
7:24 Loom
11:04 Feudal Age
17:00 Castle Age
15:16 Double-Bit Axe
16:31 Stone Mining
16:58 Gold Mining
16:52 Horse Collar
17:39 Bow Saw
18:08 Heavy Plow
19:49 Wheelbarrow
21:11 Forging
23:17 Gold Shaft Mining
24:37 Husbandry
24:47 Bloodlines
26:37 Squires
27:13 Iron Casting
26:44 Scale Barding Armor
28:14 Stone Shaft Mining
28:18 Hand Cart
32:48 Imperial Age
31:33 Chain Barding Armor
31:14 Padded Archer Armor
31:05 Fletching
31:38 Ballistics
31:18 Crossbowman
32:33 Thumb Ring
33:29 Leather Archer Armor
33:32 Bodkin Arrow
35:56 Chemistry
35:52 Conscription
36:26 Ring Archer Armor
40:27 Kamandaran
53:36 Two-Man Saw
puneettailor
11:15 Feudal Age
9:31 Loom
11:46 Horse Collar
11:53 Double-Bit Axe
14:37 Man-at-Arms
18:33 Gold Mining
18:34 Stone Mining
19:45 Scale Mail Armor
19:37 Fletching
20:48 Forging
23:14 Wheelbarrow
22:24 Town Watch
27:07 Castle Age
27:13 Castle Age
27:51 Long Swordsman
28:32 Squires
27:53 Pikeman
29:07 Chain Mail Armor
29:28 Iron Casting
29:36 Bodkin Arrow
29:10 Light Cavalry
30:01 Bloodlines
29:51 Husbandry
31:20 Caravan
31:55 Bow Saw
31:49 Heavy Plow
32:28 Gold Shaft Mining
32:02 Scale Barding Armor
37:13 Ballistas
37:57 Chain Barding Armor
38:41 Hand Cart
41:58 Town Patrol
48:34 Imperial Age
50:14 Ballistics
49:50 Murder Holes
Captain Soap
3:39 Loom
10:45 Feudal Age
14:30 Castle Age
12:55 Double-Bit Axe
13:16 Horse Collar
15:33 Bow Saw
21:21 Loom
22:23 Gold Mining
23:18 Heavy Plow
24:07 Stone Mining
26:39 Wheelbarrow
30:18 Imperial Age
28:31 Bloodlines
28:26 Husbandry
30:00 Scale Barding Armor
29:46 Fletching
30:19 Ballistics
29:52 Light Cavalry
30:50 Hand Cart
30:21 Town Watch
31:26 Gold Shaft Mining
31:32 Chain Barding Armor
31:05 Cavalier
31:29 Light Cavalry
32:19 Bodkin Arrow
33:26 Conscription
33:11 Paladin
34:18 Masonry
37:25 Plate Barding Armor
38:07 Chemistry
37:14 Siege Engineers
37:31 Caravan
38:01 Coinage
43:12 Treadmill Crane
43:28 Murder Holes
46:49 Two-Man Saw
48:58 Guard Tower
51:28 Parthian Tactics
51:08 Thumb Ring
51:53 Corvinian Army
NewNormal
11:16 Feudal Age
12:16 Double-Bit Axe
14:45 Castle Age
12:43 Horse Collar
16:04 Bow Saw
16:33 Man-at-Arms
17:18 Scale Mail Armor
19:52 Loom
20:29 Gold Mining
22:21 Bloodlines
21:36 Long Swordsman
23:39 Wheelbarrow
22:50 Town Watch
24:07 Forging
25:15 Squires
25:56 Heavy Plow
26:41 Gambesons
31:16 Imperial Age
29:53 Bloodlines
29:49 Scale Barding Armor
30:51 Chain Barding Armor
31:25 Gold Shaft Mining
31:17 Husbandry
32:49 Plate Barding Armor
32:22 Stone Mining
32:20 Cavalier
34:11 Hand Cart
35:47 Iron Casting
36:44 Fletching
37:13 Savar
40:32 Blast Furnace
39:38 Bodkin Arrow
39:23 Heavy Camel Rider
41:51 Town Watch
42:53 Conscription
43:38 Padded Archer Armor
43:47 Kamandaran
43:28 Crossbowman
44:14 Thumb Ring
45:43 Chemistry
45:20 Masonry
46:35 Ballistics
49:52 Leather Archer Armor
49:50 Masonry
54:13 Ring Archer Armor
53:26 Light Cavalry
Connection lost

Rejoining the realm…

Still unreachable

The connection could not be restored.

Session expired

The server has moved on; the page needs a fresh start.